 Dungeon Crawl Stone Soup version 0.21-a0-442-g848f44b (webtiles) character file.

7153 4thArraOfDagon the Severer (level 10, 0/81 HPs)
             Began as a Deep Dwarf Berserker on Nov 15, 2017.
             Was a Priest of Trog.
             Killed by divine providence
             ... invoked by an orc priest
              (6 damage)
             ... on level 1 of the Orcish Mines.
             The game lasted 00:16:47 (2820 turns).

4thArraOfDagon the Severer (Deep Dwarf Berserker)   Turns: 2820, Time: 00:16:48

Health: 0/81       AC: 14    Str: 24    XL:     10   Next: 86%
Magic:  9/9        EV:  7    Int:  8    God:    Trog [***...]
Gold:   713        SH:  0    Dex: 12    Spells: 9/9 levels left

rFire    + . .     SeeInvis .   K - +0 battleaxe
rCold    x . .     Gourm    .   (shield currently unavailable)
rNeg     . . .     Faith    .   E - +0 plate armour
rPois    .         Spirit   .   J - +0 helmet
rElec    .         Reflect  .   (no cloak)
rCorr    .         Harm     .   m - +0 pair of gloves
MR       ++++.                  I - +0 pair of boots
Stlth    ..........             (no amulet)
HPRegen  1.00/turn              G - ring "Bacomyma" {Fire MR+}
MPRegen  0.11/turn              (no ring)

@: berserk cooldown, non-regenerating
A: damage resistance, heal wounds, sense surroundings 2, no regeneration
a: Heal Wounds, Berserk, Trog's Hand, Burn Spellbooks, Renounce Religion


You were on level 1 of the Orcish Mines.
You worshipped Trog.
Trog was most pleased with you.
You were not hungry.

You visited 2 branches of the dungeon, and saw 12 of its levels.

You collected 777 gold pieces.
You spent 64 gold pieces at shops.

Inventory:

Hand Weapons
 g - a +0 war axe
 s - the +3 longbow of Uvuohoc {velocity, Int+3 SInv}
   (You found it on level 4 of the Dungeon)

   Any arrow fired from it inflicts extra damage.
   It affects your intelligence (+3).
   It lets you see invisible.
 K - a +0 battleaxe (weapon)
Armour
 b - a +0 animal skin
 m - a +0 pair of gloves (worn)
 q - a +0 ring mail
 C - a +0 scale mail
 E - a +0 plate armour (worn)
 I - a +0 pair of boots (worn)
 J - a +0 helmet (worn)
Magical Staves
 D - an uncursed staff of conjuration {unknown}
 F - an uncursed staff of cold {unknown}
Jewellery
 G - the ring "Bacomyma" (left hand) {Fire MR+}
   (You found it on level 10 of the Dungeon)

   [ring of fire]

   It enhances your fire magic.
   It protects you from fire.
   It makes you vulnerable to cold.
   It affects your resistance to hostile enchantments.
Wands
 v - a wand of paralysis (13/24)
Scrolls
 i - 2 scrolls of blinking {unknown}
 k - 4 scrolls of recharging
 n - a scroll of teleportation {unknown}
 o - a scroll of fog {unknown}
 p - a scroll of amnesia {unknown}
 t - a scroll of magic mapping {unknown}
 u - a scroll of enchant weapon {unknown}
 w - 3 scrolls of remove curse {unknown}
 y - 2 scrolls of fear {unknown}
 A - a scroll of enchant armour {unknown}
 B - a scroll of vulnerability {unknown}
 H - a scroll of noise {unknown}
Potions
 e - 3 potions of curing
 h - 2 potions of might
 j - 2 potions of heal wounds
 r - 2 potions of flight
 x - a potion of brilliance {unknown}
 z - a potion of ambrosia
Books
 a - a book of Cantrips

   Spells                             Type                      Level
   a - Confusing Touch                Hexes                        1
   b - Animate Skeleton               Necromancy                   1
   c - Summon Small Mammal            Summoning                    1
   d - Apportation                    Translocation                1
   Trog disapproves of the use of such an item.
Comestibles
 c - 3 bread rations
 d - a meat ration
 f - 2 royal jellies
 l - 6 fruits
 L - 5 chunks of flesh


   Skills:
 - Level 2.6 Fighting
 * Level 17.2 Axes
 - Level 2.1 Armour
 - Level 2.1 Dodging


You had 9 spell levels left.
You didn't know any spells.

Dungeon Overview and Level Annotations

Branches:
Dungeon (10/15)               Orc (2/2) D:10            Elf (0/3) Orc:2
 Temple: D:4-7         Lair: D:8-11

Altars:
Ashenzari
Makhleb
Okawaru

Shops:
Orc:1 *

Annotations:
D:6 Prince Ribbit


Innate Abilities, Weirdness & Mutations

You are resistant to damage.
You can heal yourself by infusing magical energy.
You passively map the area around you.
You do not regenerate.


Message History

The orc sorcerer hits you with a dagger.
The orc wizard gestures wildly while chanting.
The orc wizard blinks!
The orc priest looks braver for a moment.
An orc warrior comes into view. It is wielding a trident.
Unknown command.
Unknown command.
The orc warrior hits you with a dire flail!
The orc priest calls down the wrath of Beogh upon you.
Beogh smites you!
* * * LOW HITPOINT WARNING * * *
Unknown command.
Unknown command.
Unknown command.
You feel the effects of Trog's Hand fading.
The orc warrior hits you with a dire flail!
* * * LOW HITPOINT WARNING * * *
The orc priest mumbles some strange prayers to Beogh against you.
Beogh smites you!
You die...

#..,, * ##... *
#.... ### #....#*
.#.## #.....##
,....
#......###.. .#
#.......#.##..##
* #.))........#
#.§oo@..#..#
#...o..oo....#
,**
#.....#.........
##.o.##..#...##.*
##.# ...#....#**
#.. ##o..#....#
.. *#..####.##
##. * ...# *## ,
,


You could see an orc sorcerer, 2 orc warriors, 2 orc priests, an orc wizard and
an orc.

Vanquished Creatures
  A two-headed ogre (D:4)
  2 orc knights
  A cyclops (D:10)
  An orc sorcerer (Orc:2)
  A centaur zombie (D:10)
  A troll (D:10)
  A hippogriff (D:10)
  A hungry ghost (D:10)
  Menkaure (D:5)
  2 wargs
  Duvessa (D:4)
  4 ice beasts
  10 orc warriors
  2 necrophages
  2 ogres
  A centaur (D:10)
  A big kobold (D:7)
  4 bullfrogs
  Dowan (D:4)
  A scorpion (D:10)
  6 wights
  5 howler monkeys
  A bullfrog zombie (D:6)
  2 crimson imps
  4 orc wizards
  A hound (D:9)
  5 orc priests
  2 centaur skeletons
  A jelly (D:9)
  A bullfrog skeleton (D:5)
  5 worker ants
  An iguana (D:5)
  A howler monkey zombie (D:7)
  An adder (D:10)
  A shadow imp (D:5)
  An adder skeleton (D:7)
  An adder zombie (D:5)
  A worm (D:2)
  3 leopard geckos
  42 orcs
  A ball python (D:1)
  2 giant cockroaches (D:1)
  6 goblins
  A hobgoblin (D:3)
  2 jackals (D:2)
  3 quokkas
  6 frilled lizards
  11 kobolds
156 creatures vanquished.

Notes
Turn   | Place    | Note
-------+----------+-------------------------------------------
     0 | D:1      | 4thArraOfDagon the Deep Dwarf Berserker began the quest for the Orb.
     0 | D:1      | Reached XP level 1. HP: 20/20 MP: 1/1
    62 | D:1      | Reached XP level 2. HP: 24/27 MP: 2/2
    77 | D:2      | Found a faded altar of an unknown god.
    86 | D:2      | Reached skill level 4 in Axes
   143 | D:2      | Found a shattered altar of Ashenzari.
   211 | D:2      | Found a burning altar of Makhleb.
   212 | D:2      | Found an iron altar of Okawaru.
   258 | D:2      | You fall through a shaft!
   286 | D:3      | Reached XP level 3. HP: 19/33 MP: 3/3
   287 | D:3      | Reached ** piety under Trog
   375 | D:3      | Reached skill level 5 in Axes
   463 | D:4      | Reached XP level 4. HP: 40/40 MP: 4/4
   541 | D:4      | Noticed an ogre
   630 | D:4      | Noticed Duvessa
   631 | D:4      | Noticed Dowan
   638 | D:4      | Killed an ogre
   638 | D:4      | Reached skill level 6 in Axes
   638 | D:4      | Reached XP level 5. HP: 46/46 MP: 5/5
   643 | D:4      | Killed Duvessa
   643 | D:4      | Reached skill level 7 in Axes
   643 | D:4      | Reached XP level 6. HP: 55/55 MP: 6/6
   650 | D:4      | Killed Dowan
   748 | D:4      | Got a crystal longbow
   778 | D:5      | Entered Level 5 of the Dungeon
   787 | D:5      | Reached skill level 8 in Axes
   799 | D:5      | Identified the +3 longbow of Uvuohoc {velocity, Int+3 SInv} (You found it on level 4 of the Dungeon)
   825 | D:4      | Noticed a two-headed ogre
   853 | D:4      | Killed a two-headed ogre
   853 | D:4      | Reached skill level 10 in Axes
   853 | D:4      | Reached XP level 7. HP: 16/61 MP: 7/7
   934 | D:5      | Reached XP level 8. HP: 66/68 MP: 8/8
  1048 | D:6      | Reached skill level 11 in Axes
  1130 | D:5      | Noticed Menkaure
  1133 | D:5      | Killed Menkaure
  1291 | D:6      | Reached skill level 12 in Axes
  1342 | D:6      | Noticed Prince Ribbit
  1700 | D:8      | Gained mutation: You passively map the area around you. [Deep Dwarf growth]
  1700 | D:8      | Reached XP level 9. HP: 57/74 MP: 9/9
  1700 | D:8      | Reached skill level 13 in Axes
  1731 | D:8      | You fall through a shaft!
  1732 | D:9      | :O
  1866 | D:10     | Entered Level 10 of the Dungeon
  1867 | D:10     | Found a staircase to the Orcish Mines.
  1881 | D:10     | Got a wavering wooden ring
  1893 | D:10     | Identified the ring "Bacomyma" {Fire MR+} (You found it on level 10 of the Dungeon)
  1988 | D:10     | Reached skill level 14 in Axes
  2047 | D:9      | Reached *** piety under Trog
  2082 | D:8      | Reached skill level 15 in Axes
  2232 | D:8      | Reached XP level 10. HP: 81/81 MP: 10/10
  2391 | Orc:1    | Entered Level 1 of the Orcish Mines
  2391 | Orc:1    | Noticed an orc knight
  2461 | D:10     | HP: 4/81 [troll (7)]
  2476 | D:10     | Killed an orc knight
  2510 | Orc:1    | Noticed a cyclops
  2512 | Orc:1    | Reached skill level 16 in Axes
  2566 | D:10     | Killed a cyclops
  2636 | Orc:1    | Found Msymn's Merry Market.
  2649 | Orc:1    | Bought a potion of might for 64 gold pieces
  2672 | Orc:2    | Entered Level 2 of the Orcish Mines
  2672 | Orc:2    | Noticed an orc knight
  2680 | Orc:2    | Noticed an orc sorcerer
  2691 | Orc:1    | Killed an orc knight
  2716 | Orc:2    | Killed an orc sorcerer
  2721 | Orc:2    | Reached skill level 17 in Axes
  2773 | Orc:2    | Reached **** piety under Trog
  2800 | Orc:2    | Found a staircase to the Elven Halls.
  2814 | Orc:1    | Noticed an orc sorcerer
  2820 | Orc:1    | Killed from afar by an orc priest

Vault maps used:
D:1:      minmay_arrival_four_circles
D:2:      evilmike_ruin_ashenzari, nicolae_overflow_hidden_temple,
          chequers_ecumenical_altar_simple
D:4:      minmay_small_thing, uniq_duvessa
D:5:      kennysheep_little_box, minmay_temple_entry_mist, first_bread,
          uniq_menkaure, uniq_edmund
D:6:      uniq_prince_ribbit1
D:7:      the_bakery, minivault_25
D:8:      gammafunk_temple_overflow_forgotten, basic_altar, uniq_grum
D:9:      erik_lair_orcish_takeover, abandoned_shop, uniq_psyche
D:10:     orc_0_dummy, uniq_urug
Orc:1:    nicolae_alphabet_shops, minmay_orc_temple_a
Orc:2:    st_orc_congregation, basic_altar

Skill      XL: |  1  2  3  4  5  6  7  8  9 10 |
---------------+-------------------------------+-----
Axes           | 4 5 6 7 10 12 15 17 | 17.2
Fighting       | |  2.6
Armour         | |  2.1
Dodging        | |  2.1

Action                   |  1- 3 |  4- 6 |  7- 9 | 10-12 || total
-------------------------+-------+-------+-------+-------++-------
Melee: Hand axe          |    74 |    28 |   106 |       ||   208
       War axe           |       |       |   113 |    20 ||   133
       Battleaxe         |       |       |       |    58 ||    58
Invok: Berserk           |     4 |     3 |    14 |     8 ||    29
       Trog's Hand       |     2 |     3 |     4 |     7 ||    16
 Abil: Heal Wounds       |       |     1 |     2 |     8 ||    11
Evoke: Wand              |       |       |       |     1 ||     1
  Use: Scroll            |       |     3 |     3 |       ||     6
       Potion            |       |       |       |     2 ||     2
 Stab: Distracted        |     1 |       |       |       ||     1
       Sleeping          |     1 |       |       |       ||     1
       Paralysed         |       |       |       |     2 ||     2
  Eat: Chunk             |     2 |     5 |    19 |     5 ||    31
       Fruit             |       |       |     1 |    10 ||    11
Armor: Animal skin       |     9 |     6 |       |       ||    15
       Ring mail         |       |       |    29 |       ||    29
       Plate armour      |       |       |    56 |    97 ||   153
       Scale mail        |       |       |     1 |       ||     1
Dodge: Dodged            |    36 |    13 |   125 |    57 ||   231

Table legend:
 A = Spawn XP
 B = Non-spawn XP
 C = Spawn XP percentage of total XP
 D = Spawn monster count
 E = Non-spawn monster count
 F = Spawn count percentage of total count
 G = Total turns spent on level
                    A         B        C        D         E        F      G
               +---------+---------+-------+---------+---------+-------+---------
         Total |       0 |   10219 |   0.0 |       0 |     156 |   0.0 |  2820
               +---------+---------+-------+---------+---------+-------+---------
           D:1 |       0 |      13 |   0.0 |       0 |       8 |   0.0 |    90
           D:2 |       0 |      23 |   0.0 |       0 |      12 |   0.0 |   154
           D:3 |       0 |      31 |   0.0 |       0 |      13 |   0.0 |   205
           D:4 |       0 |    1306 |   0.0 |       0 |       7 |   0.0 |   446
           D:5 |       0 |     301 |   0.0 |       0 |       6 |   0.0 |   134
           D:6 |       0 |     655 |   0.0 |       0 |      13 |   0.0 |   365
           D:7 |       0 |     460 |   0.0 |       0 |      19 |   0.0 |   290
           D:8 |       0 |     541 |   0.0 |       0 |       7 |   0.0 |   122
           D:9 |       0 |     549 |   0.0 |       0 |      11 |   0.0 |   258
          D:10 |       0 |    3899 |   0.0 |       0 |      27 |   0.0 |   487
         Orc:1 |       0 |    1274 |   0.0 |       0 |      15 |   0.0 |   181
         Orc:2 |       0 |    1167 |   0.0 |       0 |      18 |   0.0 |    88
               +---------+---------+-------+---------+---------+-------+---------
